 Dungeon Crawl Stone Soup version 0.17-b1-36-g7b1967c (webtiles) character file.

6143 tp1 the Thaumaturge (level 10, -7/53 HPs)
             Began as a Deep Elf Conjurer on Nov 6, 2015.
             Was a Believer of Vehumet.
             Killed from afar by fotsohgehT's ghost (32 damage)
             ... with a great icy blast
             ... on level 1 of the Lair of Beasts.
             The game lasted 01:01:39 (11339 turns).

tp1 the Thaumaturge (Deep Elf Conjurer)            Turns: 11339, Time: 01:01:39

Health: -7/53      AC: 12    Str: 12    XL:     10   Next: 59%
Magic:  26/35      EV: 15    Int: 24    God:    Vehumet [**....]
Gold:   413        SH:  0    Dex: 17    Spells: 9 memorised, 3 levels left

rFire  + + .     SeeInvis .     G - staff of air
rCold  . . .     Clarity  +     K - +1 robe {rF+}
rNeg   . . .     SustAt   .     (no shield)
rPois  .         Gourm    .     v - +1 helmet
rElec  +         Spirit   .     s - +0 cloak
rCorr  .         Warding  .     F - +3 pair of gloves of the Forsaken Realms {MR- Str+7}
rMut   .         Stasis   .     (no boots)
MR     .....                    y - amulet of regeneration
Stlth  ++........               B - ring of magical power
                                u - ring of wizardry

@: not resistant to hostile enchantments, unstealthy
A: slimy green scales 1, agile 1, blink, clarity, fire resistance 1, wild magic
1
a: Blink, Renounce Religion


You were on level 1 of the Lair of Beasts.
You worshipped Vehumet.
Vehumet was pleased with you.
You were hungry.

You visited 3 branches of the dungeon, and saw 11 of its levels.

You collected 413 gold pieces.

Inventory:

Hand Weapons
 M - a +1 short sword
Armour
 a - a +0 robe
 e - a +0 robe
 s - a +0 cloak (worn)
 v - a +1 helmet (worn)
 F - the +3 pair of gloves of the Forsaken Realms (worn) {MR- Str+7}
   (You found it on level 6 of the Dungeon)

   It affects your strength (+7).
   It affects your resistance to hostile enchantments.
 K - a +1 robe of fire resistance (worn)
 N - a +0 leather armour
Magical Staves
 G - an uncursed staff of air (weapon)
Jewellery
 r - a +2 ring of evasion
 u - a ring of wizardry (left hand)
 y - an amulet of regeneration (around neck)
 B - a ring of magical power (right hand)
 E - an uncursed ring of magical power
 I - an uncursed ring of ice
 J - an uncursed ring of teleportation
 P - an uncursed ring of stealth
Wands
 g - a wand of polymorph (6)
 o - a wand of paralysis (16)
 x - a wand of magic darts (18)
 C - a wand of lightning (5)
 O - a wand of draining (3)
 Q - a wand of lightning (6)
Scrolls
 d - a scroll of blinking
 f - 2 scrolls of enchant armour
 m - 5 scrolls of teleportation
 t - a scroll of enchant weapon
 z - 5 scrolls of immolation
Potions
 i - a potion of mutation {unknown}
 j - a potion of lignification
 k - 9 potions of curing
 l - a potion of haste
 n - a potion of magic {unknown}
 p - 2 potions of flight
 w - 2 potions of brilliance
 H - 2 potions of berserk rage
 S - a potion of resistance {unknown}
Books
 b - a book of Conjurations

   Spells                             Type                      Level
   a - Magic Dart                     Conjuration                  1
   b - Searing Ray                    Conjuration                  2
   c - Dazzling Spray                 Conjuration/Hexes            3
   d - Fulminant Prism                Conjuration/Hexes            4
   e - Iskenderun's Mystic Blast      Conjuration                  4
   f - Iskenderun's Battlesphere      Conjuration/Charms           5
 h - a book of Flames

   Spells                             Type                      Level
   a - Flame Tongue                   Conjuration/Fire             1
   b - Throw Flame                    Conjuration/Fire             2
   c - Conjure Flame                  Conjuration/Fire             3
   d - Inner Flame                    Hexes/Fire                   3
   e - Sticky Flame                   Conjuration/Fire             4
   f - Fireball                       Conjuration/Fire             5
 A - a book of Party Tricks

   Spells                             Type                      Level
   a - Summon Butterflies             Summoning                    1
   b - Apportation                    Translocation                1
   c - Tukima's Dance                 Hexes                        3
   d - Alistair's Intoxication        Transmutation/Poison         4
   e - Invisibility                   Hexes                        6
Comestibles
 c - 4 bread rations
 q - 4 beef jerkies
 D - 4 meat rations
 L - 2 chunks of flesh


   Skills:
 - Level 2.0 Fighting
 - Level 5.0 Dodging
 - Level 2.6 Stealth
 - Level 10.4 Spellcasting
 - Level 7.0 Conjurations
 - Level 6.4 Hexes
 + Level 9.1 Charms
 - Level 10.0 Fire Magic


You had 3 spell levels left.
You knew the following spells:

 Your Spells              Type           Power        Failure   Level  Hunger
a - Magic Dart            Conj           ####         1%          1    None
b - Conjure Flame         Conj/Fire      ######..     1%          3    None
c - Inner Flame           Hex/Fire       ######..     1%          3    None
d - Iskenderun's Battles  Conj/Chrm      ######..     5%          5    ####...
e - Tukima's Dance        Hex            ######..     1%          3    None
f - Flame Tongue          Conj/Fire      #####        1%          1    None
g - Searing Ray           Conj           ######       1%          2    None
h - Dazzling Spray        Conj/Hex       ######..     1%          3    None
i - Fireball              Conj/Fire      ######....   4%          5    ####...


Dungeon Overview and Level Annotations

Branches:
Dungeon (9/15)             Temple (1/1) D:6            Lair (1/8) D:9
    Orc (0/4) D:9

Altars:
Ashenzari
Cheibriados
Dithmenos
Elyvilon
Fedhas
Gozag
Kikubaaqudgha
Makhleb
Nemelex Xobeh
Qazlal
Ru
Sif Muna
Vehumet
Xom
Yredelemnul
The Shining One

Shops:
D:5 (   D:9 (

Annotations:
Lair:1 Urug; fotsohgehT's ghost, journeyman DEIE


Innate Abilities, Weirdness & Mutations

You are partially covered in slimy green scales (AC +2).
You are agile. (Dex +2)
You can translocate small distances at will.
You possess an exceptional clarity of mind.
Your flesh is heat resistant.
Your spells are a little harder to cast, but a little more powerful.


Message History

The fireball engulfs fotsohgehT's ghost.
FotsohgehT's ghost resists.
FotsohgehT's ghost is lightly damaged.
You hear a sizzling sound!
The fireball engulfs the blink frog.
You kill the blink frog!
Vehumet accepts your kill.
You feel your power returning.
You hear a sizzling sound!
The fireball engulfs the blink frog shaped block of ice.
The blink frog shaped block of ice melts!
The blink frog shaped block of ice is almost destroyed.
You hear a sizzling sound! x3
The eight-headed hydra roars!
You are feeling hungry.
FotsohgehT's ghost casts a spell at you.
FotsohgehT's ghost conjures a mighty blast of ice!
The great icy blast engulfs you!
Ouch! That really hurt!
You die...

..≈≈≈≈§§§≈≈.≈#
#.≈≈≈§§§§§§#
#.≈§§.8.§§#
##§§§W..§##
###§§§.##
##§§## #§§#
#§§# #§@# #..#
#..# #.D# #..P
P... #...
.....


You could see an eight-headed hydra and fotsohgehT's ghost.

Vanquished Creatures
  The ghost of Ijustatesigmund the Fighter, a novice HOFi (D:8)
  A hill giant (D:9)
  An elephant (D:9)
  A troll (D:9)
  A deep elf mage (D:9)
  A blink frog (Lair:1)
  2 wyverns (D:8)
  A yak (D:9)
  A hungry ghost (D:8)
  The ghost of radek the Conjurer, an amateur DgCj (D:4)
  A hippogriff (D:9)
  2 black bears
  A necrophage (D:9)
  An orc warrior (D:6)
  2 ice beasts
  A sky beast (D:6)
  3 centaurs
  3 ogres
  A crocodile (D:9)
  A phantom (D:9)
  4 giant frogs
  3 scorpions
  7 killer bees (D:8)
  4 wights (D:7)
  A quasit (D:8)
  2 crimson imps
  3 hounds
  A centaur zombie (D:6)
  4 giant frog skeletons
  A giant frog zombie (D:6)
  5 orc priests
  A jelly (D:6)
  3 worker ants
  9 orc wizards
  Natasha (thrice) (D:2)
  A killer bee zombie (D:7)
  A hound zombie (D:8)
  Robin (D:2)
  21 adders
  9 gnolls
  2 shadow imps (D:6)
  3 oozes
  An adder skeleton (D:8)
  An adder zombie (D:9)
  4 worms
  2 giant geckos
  28 orcs
  A ball python (D:2)
  9 bats
  11 goblins
  12 hobgoblins
  21 jackals
  7 kobolds
  3 quokkas
  7 giant cockroaches
  5 giant newts
  A jackal zombie (D:5)
  A quokka zombie (D:5)
  12 rats
242 creatures vanquished.

Vanquished Creatures (others)
  A blink frog (Lair:1)
  2 plants (D:6)
3 creatures vanquished.

Grand Total: 245 creatures vanquished

Notes
Turn   | Place    | Note
--------------------------------------------------------------
     0 | D:1      | tp1 the Deep Elf Conjurer began the quest for the Orb.
     0 | D:1      | Reached XP level 1. HP: 10/10 MP: 6/6
   113 | D:1      | Reached XP level 2. HP: 15/15 MP: 0/8
   211 | D:1      | Learned a level 2 spell: Searing Ray
   230 | D:1      | Reached skill level 5 in Conjurations
   566 | D:1      | Reached XP level 3. HP: 19/19 MP: 8/10
  1151 | D:2      | Learned a level 3 spell: Dazzling Spray
  1257 | D:2      | Reached XP level 4. HP: 24/24 MP: 2/12
  1411 | D:2      | Noticed Natasha
  1415 | D:2      | Killed Natasha
  1415 | D:2      | Reached skill level 5 in Spellcasting
  1603 | D:2      | Noticed Natasha
  1604 | D:2      | Killed Natasha
  1649 | D:2      | Noticed Robin
  1778 | D:2      | Reached skill level 6 in Spellcasting
  1783 | D:2      | Killed Robin
  1783 | D:2      | Reached XP level 5. HP: 22/28 MP: 9/15
  1796 | D:2      | Learned a level 5 spell: Iskenderun's Battlesphere
  1950 | D:2      | Reached skill level 1 in Charms
  2061 | D:2      | Noticed Natasha
  2061 | D:2      | Killed Natasha
  2516 | D:3      | Reached XP level 6. HP: 32/32 MP: 10/17
  2526 | D:3      | Noticed a centaur
  2557 | D:3      | Killed a centaur
  2557 | D:3      | Reached skill level 5 in Charms
  3370 | D:3      | You fall through a shaft!
  3499 | D:3      | Found a faded altar to an unknown god.
  3733 | D:3      | Found a faded altar to an unknown god.
  4306 | D:4      | Noticed radek's ghost (amateur DgCj)
  4312 | D:4      | Killed radek's ghost
  4312 | D:4      | Reached XP level 7. HP: 29/36 MP: 8/18
  4697 | D:4      | Reached skill level 7 in Conjurations
  4804 | D:5      | Entered Level 5 of the Dungeon
  4850 | D:5      | Found Siogalig's Antique Weapon Shop.
  5890 | D:5      | Reached XP level 8. HP: 41/41 MP: 13/21
  6042 | D:5      | Reached skill level 8 in Spellcasting
  6113 | D:5      | Found Siogalig's Antique Weapon Shop.
  6649 | D:6      | Reached skill level 9 in Spellcasting
  6783 | D:6      | Found a staircase to the Ecumenical Temple.
  6863 | D:6      | Gained mutation: You are agile. (Dex +2) [mutagenic meat]
  6864 | D:6      | Gained mutation: You possess an exceptional clarity of mind. [mutagenic meat]
  6865 | D:6      | Gained mutation: Your spells are a little harder to cast, but a little more powerful. [mutagenic meat]
  6866 | D:6      | Gained mutation: Your flesh is heat resistant. [mutagenic meat]
  6867 | D:6      | Gained mutation: You are partially covered in slimy green scales (AC +2). [mutagenic meat]
  6874 | Temple   | Entered the Ecumenical Temple
  6952 | Temple   | Became a worshipper of Vehumet
  7090 | D:6      | Got a pair of warped gloves
  7096 | D:6      | Identified the +3 pair of gloves of the Forsaken Realms {MR- Str+7} (You found it on level 6 of the Dungeon)
  7174 | D:6      | Reached skill level 10 in Spellcasting
  7190 | D:6      | Reached skill level 1 in Hexes
  7653 | D:6      | Found a staircase to the Ecumenical Temple.
  8104 | D:6      | Reached skill level 5 in Hexes
  8116 | D:6      | Learned a level 3 spell: Tukima's Dance
  8124 | D:6      | Gained mutation: You can translocate small distances at will. [potion of beneficial mutation]
  8279 | D:7      | Reached XP level 9. HP: 45/45 MP: 25/25
  8462 | D:7      | Reached skill level 5 in Dodging
  8488 | D:7      | Reached skill level 1 in Fighting
  9309 | D:8      | Reached * piety under Vehumet
  9309 | D:8      | Offered knowledge of Flame Tongue by Vehumet.
  9312 | D:8      | Learned a level 1 spell: Flame Tongue
  9343 | D:8      | Reached skill level 1 in Fire Magic
  9395 | D:8      | Learned a level 3 spell: Conjure Flame
  9399 | D:8      | Learned a level 3 spell: Inner Flame
  9405 | D:8      | Learned a level 5 spell: Fireball
  9688 | D:8      | Reached skill level 5 in Fire Magic
 10031 | D:8      | Noticed Ijustatesigmund's ghost (novice HOFi)
 10042 | D:8      | Killed Ijustatesigmund's ghost
 10042 | D:8      | Reached XP level 10. HP: 53/53 MP: 16/26
 10180 | D:9      | Found a staircase to the Lair.
 10180 | D:9      | Noticed an elephant
 10186 | D:9      | Killed an elephant
 10215 | D:9      | Found Miwkeo's Weapon Shop.
 10363 | D:9      | Reached ** piety under Vehumet
 10365 | D:9      | Offered knowledge of Sandblast by Vehumet.
 10477 | D:9      | Noticed a hill giant
 10482 | D:9      | Killed a hill giant
 10482 | D:9      | Reached skill level 10 in Fire Magic
 10596 | D:9      | Found a sparkling altar of Nemelex Xobeh.
 10948 | D:9      | Found a staircase to the Orcish Mines.
 11332 | Lair:1   | Entered Level 1 of the Lair of Beasts
 11332 | Lair:1   | Noticed fotsohgehT's ghost (journeyman DEIE)
 11337 | Lair:1   | Noticed Urug
 11338 | Lair:1   | Noticed an eight-headed hydra
 11339 | Lair:1   | Killed from afar by fotsohgehT's ghost

Action                   |  1- 3 |  4- 6 |  7- 9 | 10-12 || total
-------------------------+-------+-------+-------+-------++-------
Melee: Unarmed           |     6 |     4 |    59 |       ||    69
 Cast: Magic Dart        |    58 |   113 |   170 |    44 ||   385
       Searing Ray       |     5 |    10 |     1 |       ||    16
       Iskenderun's Batt |       |    12 |    50 |     9 ||    71
       Conjure Flame     |       |       |     2 |       ||     2
       Fireball          |       |       |     1 |     2 ||     3
       Inner Flame       |       |       |       |     1 ||     1
  Use: Scroll            |       |       |    18 |       ||    18
       Potion            |       |       |     1 |       ||     1
  Eat: Chunk             |       |    14 |    29 |     4 ||    47
       Bread ration      |       |       |     1 |       ||     1
       Pizza             |       |       |     1 |     1 ||     2
